 Dungeon Crawl Stone Soup version 0.30-a0-845-g7c6808c8ce (webtiles) character file.

Game seed: 15158162693862655885

35 Monkooky the Sneak (level 3, 0/26 HPs)
             Began as a Vampire Delver on Mar 3, 2023.
             Was an Initiate of Dithmenos.
             Killed from afar by an orc wizard (5 damage)
             ... with a puff of flame
             ... on level 4 of the Dungeon.
             The game lasted 00:04:20 (813 turns).

Monkooky the Sneak (Vampire Delver)                  Turns: 813, Time: 00:04:21

Health: 0/26       AC:  3    Str: 11    XL:     3   Next: 17%
Magic:  3/3        EV: 12    Int: 12    God:    Dithmenos [......]
Gold:   45         SH:  0    Dex: 17    Spells: 2/2 levels left

rFire   . . .      SeeInvis +    a - +1 short sword
rCold   . . .      Faith    .    h - orb {mayhem}
rNeg    . . .      Spirit   .    b - +0 leather armour
rPois   .          Reflect  .    (no helmet)
rElec   .          Rampage  .    (no cloak)
rCorr   .                        (no gloves)
Will    .....                    (no boots)
Stlth   ++++                     (no amulet)
HPRegen 0.44/turn                (no ring)
MPRegen 0.08/turn                (no ring)

@: healing quickly, hasted (expiring), very quick
A: alive, fangs 3, see invisible, vampiric 2, [frail 1]
a: Exsanguinate, Renounce Religion


You were on level 4 of the Dungeon.
You worshipped Dithmenos.
Dithmenos was noncommittal.
You visited 2 branches of the dungeon, and saw 4 of its levels.

You collected 45 gold pieces.

Inventory:

Hand Weapons
 a - a +1 short sword (weapon)
Armour
 b - a +0 leather armour (worn)
 h - an orb of mayhem (worn)
Wands
 g - a wand of digging (3)
Scrolls
 c - a scroll of fog
 d - a scroll of magic mapping
 e - 3 scrolls of enchant weapon
Potions
 i - a potion of might {unknown}


   Skills:
 + Level 3.0 Fighting
 + Level 2.7 Short Blades
 + Level 2.7 Dodging
 + Level 7.6 Stealth


You had 2 spell levels left.
You didn't know any spells.
Your spell library was empty.

Dungeon Overview and Level Annotations

Branches:
Dungeon (5/15)             Temple (1/1) D:4

Altars:
Cheibriados
Dithmenos
Fedhas
Gozag
Kikubaaqudgha
Nemelex Xobeh
Okawaru
Qazlal
Trog
Vehumet
Wu Jian
Xom
Yredelemnul

Shops:
D:5 ?

Annotations:
D:4 Grinder


Innate Abilities, Weirdness & Mutations

Your natural rate of healing is accelerated.
You have razor-sharp teeth.
You have supernaturally acute eyesight. (SInv)
You are afflicted with vampirism and can become a bat while bloodless.
[You are frail. (-10% HP)]


Message History

The ogre hits you with a +0 giant spiked club!
* * * LOW HITPOINT WARNING * * *
You feel yourself speed up.
A phantom and an endoplasm come into view.
You hit the endoplasm.
The endoplasm is severely wounded.
The endoplasm freezes you.
You are frozen.
You are too injured to fight recklessly!
You are too injured to fight recklessly!
You barely miss the endoplasm.
The endoplasm is severely wounded.
You hit the endoplasm.
You kill the endoplasm!
Dithmenos accepts your kill.
There is an escape hatch in the ceiling here.
A kobold comes into view. It is wielding a +0 short sword.
The kobold shouts! x2
The kobold throws a stone.
The stone barely misses you.
Your extra speed is starting to run out.
The kobold throws a stone.
The stone barely misses you.
An orc and an orc wizard come into view.
The kobold throws a stone.
The stone hits you but does no damage.
The orc wizard shouts!
The orc shouts!
You hear a shout! x2
An orc priest comes into view. It is wielding a +0 club.
The orc wizard points at you and mumbles some strange words.
The puff of flame hits you.
An orc comes into view. It is wielding a +0 short sword.
The orc wizard casts a spell.
The orc wizard flickers and vanishes for a moment.
An orc priest comes into view. It is wielding a +0 whip.
You closely miss the orc priest. You hit the orc priest.
You bite the orc priest.
The orc priest is heavily wounded.
The orc priest invokes the aid of Beogh against you.
Pain shoots through your body!
* * * LOW HITPOINT WARNING * * *
The orc wizard points at you and mumbles some strange words.
The puff of flame hits you.
You die...

#. ##### #.. ##o..
.. # ##.o##o#....
#...@o......
#.#####+#####.
#..## #.. ##..##
#..# ######..##
#..#
#.......K###..# .#
#.#....#.K#..####.#
....#####..........
... ..###
#..........


You could see 2 orc priests, an orc wizard (invisible) and an orc.

Vanquished Creatures
  2 adders (D:3)
  A dart slug (D:4)
  An orc (D:4)
  A bat (D:3)
  An endoplasm (D:4)
  A giant cockroach (D:3)
  A goblin (D:4)
  2 hobgoblins (D:3)
  A kobold (D:4)
  A quokka (D:3)
  2 rats (D:3)
14 creatures vanquished.

Notes
Turn   | Place    | Note
-------+----------+-------------------------------------------
     0 | D:5      | Monkooky the Vampire Delver began the quest for the Orb.
     0 | D:5      | Reached XP level 1. HP: 17/17 MP: 1/1
    42 | D:4      | Found a staircase to the Ecumenical Temple.
    50 | Temple   | Entered the Ecumenical Temple
   213 | Temple   | Became a worshipper of Dithmenos the Shadowed
   283 | D:4      | Noticed an ogre
   327 | D:3      | Noticed an orc wizard
   327 | D:3      | Noticed an orc priest
   415 | D:3      | Reached XP level 2. HP: 20/20 MP: 2/2
   537 | D:3      | Gained mutation: You are afflicted with vampirism and can
                  | become a bat while bloodless. [Vampire growth]
   537 | D:3      | Reached XP level 3. HP: 26/26 MP: 3/3
   552 | D:4      | Noticed Grinder
   552 | D:4      | Noticed a scorpion
   783 | D:4      | Noticed a phantom
   813 | D:4      | Killed from afar by an orc wizard

Illustrated notes

Levels and vault maps discovered:
D:3:      layout_basic, minmay_misc_feat_iff, kennysheep_orc_chapel
D:4:      layout_rooms, minmay_temple_entry_junction, gup_ossuary_entry_pyramid,
          hangedman_abyss_or_decor_stagger, uniq_grinder
D:5:      layout_basic, serial_shops, shop, serial_bayou_pond_c
Temple:   kb_temple_of_zot

Skill      XL: |  1  2 |
---------------+-------+-----
Fighting       | 3 |  3.0
Short Blades   | |  2.7
Dodging        | |  2.7
Stealth        | |  7.6

Action                     || total
---------------------------++-------
  Melee: Short sword       ||    64
         Bite              ||     5
Ability: Exsanguinate      ||     1
         Revivify          ||     1
    Use: Scroll            ||     2
         Potion            ||     1
   Stab: Sleeping          ||     3
 Armour: Leather armour    ||     6
  Dodge: Dodged            ||    45

Table legend: (Time is in decaauts)
 A = Elapsed time spent in this place.
 B = Non-inter-level travel time spent in this place.
 C = Inter-level travel time spent in this place.
 D = Time resting spent in this place.
 E = Time spent auto-exploring this place.
 F = Levels seen in this place.
 G = Mean time per level.
                   A        B        C        D        E       F      G
               +--------+--------+--------+--------+--------+-----+--------+
         Total |    787 |    757 |     30 |      0 |    137 |   4 |  196.8 |
       Dungeon |    603 |    603 |      0 |      0 |     45 |   3 |  201.0 |
        Temple |    183 |    153 |     30 |      0 |     92 |   1 |  183.0 |
               +--------+--------+--------+--------+--------+-----+--------+

Top non-repeatable levels by time:
     D:3: 389 daAuts
     D:4: 192 daAuts
  Temple: 183 daAuts
     D:5: 21 daAuts
